[Event "FIDE Womens Grand Swiss 2021"]
[Site "Riga"]
[Date "2021.10.27"]
[Round "1.2"]
[White "Dzagnidze, Nana"]
[Black "Girya, Olga"]
[Result "1-0"]
[ECO "E06"]
[WhiteElo "2524"]
[BlackElo "2410"]
[Annotator "ChessBase"]
[PlyCount "115"]
[EventDate "2021.10.27"]
[EventType "swiss"]
[EventCountry "LAT"]
[Tiebreak "Cut1 Buchholz+Sonneborn-Berger (Swiss)"]
[SourceTitle "playchess.com"]
[Source "ChessBase"]
[SourceQuality "1"]
[TimeControl "40/6000+30:20/3000+30:900+30"]

1. Nf3 Nf6 2. c4 e6 3. g3 d5 4. d4 Be7 5. Bg2 O-O 6. O-O dxc4 7. Qc2 a6 8. a4 Bd7 9. Qxc4 Bc6 10. Bf4 Bd6 11. Qc1 a5 12. Nc3 Na6 13.
Rd1 Nb4 14. Ne5 Bxg2 15. Kxg2 Nfd5 16. Bd2 c5 17. Nb5 cxd4 18. Bxb4 axb4 19. Nc4 Bc5 20. Nxd4 Bxd4 21. Rxd4 Qf6 22. e3 Rfd8 23. Qd1 h6 24. a5 Rac8 25. Rc1 Qe7 26. e4 Nf6 27. Nb6 Rxc1 28.
Rxd8+ Kh7 29. Qxc1 Qxd8 30. e5 Nd5 31. Qc8 Qg5 32. Nxd5 exd5 33. Qxb7 Qxe5 34. Qxb4 d4 35. Qd2 Qd5+ 36. Kg1 d3 37. a6 Qc4 38. a7 Qc2 39. Qc3 Qxc3 40. bxc3 d2 41. a8=Q d1=Q+ 42. Kg2 Qd3 43. Qc6 g5 44. c4 f5 45. Qd5 Qc2 46. h3 Kg7 47. c5 h5 48. c6 g4 49. h4 Kf6 50. Qd6+ Kf7 51. c7 Qe4+ 52. Kf1 Qc4+ 53. Ke1 Qc1+ 54. Ke2 Qc2+ 55. Ke3 Qc1+ 56. Kd4 Qb2+ 57. Kc5 Qxf2+ 58. Qd4 1-0

[Event "FIDE Womens Grand Swiss 2021"]
[Site "Riga"]
[Date "2021.10.27"]
[Round "1.5"]
[White "Cyfka, Karina"]
[Black "Shuvalova, Polina"]
[Result "0-1"]
[ECO "D37"]
[WhiteElo "2409"]
[BlackElo "2509"]
[Annotator "ChessBase"]
[PlyCount "110"]
[EventDate "2021.10.27"]
[EventType "swiss"]
[EventCountry "LAT"]
[Tiebreak "Cut1 Buchholz+Sonneborn-Berger (Swiss)"]
[SourceTitle "playchess.com"]
[Source "ChessBase"]
[SourceQuality "1"]
[TimeControl "40/6000+30:20/3000+30:900+30"]

1. d4 Nf6 2. c4 e6 3. Nf3 d5 4. Nc3 dxc4 5. e3 a6 6. a4 b6 7. Bxc4 Bb7 8. O-O Bb4 9. Qe2 O-O 10. Rd1 Qe7 11. Bd3 Nbd7 12. e4 e5 13.
Bg5 exd4 14. Nd5 Bxd5 15. exd5 Qxe2 16. Bxe2 h6 17. Bxf6 Nxf6 18. Nxd4 g6 19. Bf3 Bd6 20. Nc6 Rfe8 21. Re1 g5 22. g3 Kg7 23. Kf1 g4 24. Bg2 h5 25. a5 b5 26. Rxe8 Rxe8 27. Re1 Rh8 28.
Nd4 Nd7 29. h3 Ne5 30. b3 Kf6 31. Re4 gxh3 32. Bxh3 Nd3 33. Re3 Nc5 34. Bg2 h4 35. Rf3+ Kg6 36. g4 Ne4 37. Rf5 Re8 38. Nf3 Bg3 39. Ne5+ Rxe5 40. Rxe5 Nd2+ 41. Ke2 Bxe5 42. Kxd2 Bd6 43. Ke2 Kg5 44. Kf3 Bb4 45. Bf1 Bxa5 46. Bd3 Bb6 47. Bf5 Kf6 48. Bc8 a5 49. Bd7 a4 50. bxa4 b4 51. a5 Bxa5 52. Kf4 b3 53. g5+ Ke7 54. Bf5 Kd6 55.
Ke4 b2 0-1

[Event "FIDE Womens Grand Swiss 2021"]
[Site "Riga"]
[Date "2021.10.27"]
[Round "1.6"]
[White "Abdumalik, Zhansaya"]
[Black "Garifullina, Leya"]
[Result "1/2-1/2"]
[ECO "B90"]
[WhiteElo "2507"]
[BlackElo "2409"]
[Annotator "ChessBase"]
[PlyCount "130"]
[EventDate "2021.10.27"]
[EventType "swiss"]
[EventCountry "LAT"]
[Tiebreak "Cut1 Buchholz+Sonneborn-Berger (Swiss)"]
[SourceTitle "playchess.com"]
[Source "ChessBase"]
[SourceQuality "1"]
[TimeControl "40/6000+30:20/3000+30:900+30"]

1. e4 c5 2. Nf3 d6 3. d4 cxd4 4. Nxd4 Nf6 5. Nc3 a6 6. a4 e5 7. Nf3 Be7 8. g3 O-O 9. Bg2 Be6 10. O-O Nc6 11. Nh4 Nd4 12. Re1 Rb8 13.
a5 b6 14. axb6 Qxb6 15. Qd3 Ng4 16. Rf1 Rfc8 17. Ra4 Bxh4 18. gxh4 Qc6 19. Qd1 Nf6 20. Ra3 Qd7 21. Re1 Rc6 22. Re3 Kh8 23.
Rg3 Bg4 24. f3 Be6 25. Bf1 d5 26. h3 h6 27. Kh2 Nh5 28. Rg1 dxe4 29. fxe4 Nf4 30. Rg3 Qe7 31. Ra5 Qxh4 32. Rxe5 Rd8 33. Bd2 Rcd6 34. Nd5 Nxd5 35. exd5 Bxd5 36. Bc3 Ba8 37. Bd3 Qf4 38. Bxd4 Rxd4 39. Qe2 g6 40. Ree3 h5 41. Kg1 Qf6 42. Re8+ Kg7 43. Re7 Kf8 44. Qe5 Qxe5 45. Rxe5 R8d6 46. Kf2 Bd5 47. c3 Ra4 48. b4 Be6 49. Ke3 Ra3 50. Rc5 Kg7 51. Rc7 Kf6 52. Rc5 Ra1 53. Rf3+ Kg7 54. Rc7 Rh1 55. c4 Rb6 56. b5 axb5 57. cxb5 Bd5 58. Rf2 Rxh3+ 59. Kd4 Rxd3+ 60. Kxd3 Rxb5 61. Kd4 Be6 62. Re2 Kh6 63. Rf2 h4 64. Ke4 g5 65. Rf6+ Kh5 1/2-1/2

[Event "FIDE Womens Grand Swiss 2021"]
[Site "Riga"]
[Date "2021.10.27"]
[Round "1.8"]
[White "Kashlinskaya, Alina"]
[Black "Sargsyan, Anna M."]
[Result "0-1"]
[ECO "D17"]
[WhiteElo "2493"]
[BlackElo "2402"]
[Annotator "ChessBase"]
[PlyCount "116"]
[EventDate "2021.10.27"]
[EventType "swiss"]
[EventCountry "LAT"]
[Tiebreak "Cut1 Buchholz+Sonneborn-Berger (Swiss)"]
[SourceTitle "playchess.com"]
[Source "ChessBase"]
[SourceQuality "1"]
[TimeControl "40/6000+30:20/3000+30:900+30"]

1. d4 d5 2. c4 c6 3. Nf3 Nf6 4. Nc3 dxc4 5. a4 Bf5 6. Ne5 Nbd7 7. Nxc4 Qc7 8. g3 e5 9. dxe5 Nxe5 10. Bf4 Nfd7 11. Qc1 f6 12. Bg2 Be6 13. Nxe5 fxe5 14. Be3 Bb4 15. O-O Qa5 16. Ne4 O-O 17. Qc2 Bd5 18. Rfd1 Kh8 19. Rd3 Nf6 20. Nxf6 Rxf6 21. Rad1 Be6 22. Be4 h6 23. Kg2 Raf8 24. f3 Rc8 25. h4 b5 26. Bc5 bxa4 27. Bxb4 Qxb4 28. Rd8+ Rf8 29. Rxf8+ Rxf8 30. Bxc6 Bb3 31. Qd2 Qb6 32. Rc1 Rd8 33. Qc3 Rc8 34. Qxe5 Bg8 35. Bd5 Rxc1 36. Qe8 Rg1+ 37. Kh3 Rxg3+ 38. Kxg3 Qd6+ 39. Kf2 Qxd5 40. Qxa4 a5 41. Kf1 Bf7 42. Qf4 Bg6 43. Qa4 Kh7 44. b4 Qc4 45. Qxa5 Qxh4 46. b5 Bf5 47. e4 Bh3+ 48. Ke2 Qg5 49. Qb4 Qg2+ 50. Ke3 Qg1+ 51. Kd2 Qf2+ 52. Kc1 Qb6 53. e5 Qe3+ 54. Kb1 Bf5+ 55. Ka2 Qe2+ 56. Ka3 Qxf3+ 57. Ka4 Qa8+ 58. Kb3 Qd5+ 0-1

[Event "FIDE Womens Grand Swiss 2021"]
[Site "Riga"]
[Date "2021.10.27"]
[Round "1.9"]
[White "Assaubayeva, Bibisara"]
[Black "Saduakassova, Dinara"]
[Result "1/2-1/2"]
[ECO "E12"]
[WhiteElo "2400"]
[BlackElo "2491"]
[Annotator "ChessBase"]
[PlyCount "85"]
[EventDate "2021.10.27"]
[EventType "swiss"]
[EventCountry "LAT"]
[Tiebreak "Cut1 Buchholz+Sonneborn-Berger (Swiss)"]
[SourceTitle "playchess.com"]
[Source "ChessBase"]
[SourceQuality "1"]
[TimeControl "40/6000+30:20/3000+30:900+30"]

1. d4 Nf6 2. c4 e6 3. Nf3 b6 4. a3 Bb7 5. Nc3 d5 6. cxd5 Nxd5 7. Qc2 Nxc3 8.
bxc3 c5 9. e4 Nd7 10. Bd3 Qc7 11. Qb1 Be7 12. O-O O-O 13. Re1 Rac8 14. Ra2 h6 15. a4 Rfd8 16. Rae2 Nf8 17. g3 Nd7 18. a5 e5 19. axb6 axb6 20. dxe5 c4 21. Bc2 Bc5 22. Bf4 g5 23. Be3 Re8 24. Bd4 g4 25.
Nh4 Nxe5 26. h3 Rcd8 27. Qc1 Re6 28. Qe3 Be7 29. Bxe5 Qxe5 30. hxg4 Bxh4 31. gxh4 Rg6 32. f3 Qg3+ 33. Rg2 Qxh4 34. Rb1 Qf6 35.
e5 Qxf3 36. Qxf3 Bxf3 37. Bxg6 Bxg2 38. Kxg2 fxg6 39. Rxb6 Kf7 40. Rf6+ Kg7 41. Rc6 Rd5 42. Rc7+ Kf8 43. Rxc4 1/2-1/2

[Event "FIDE Womens Grand Swiss 2021"]
[Site "Riga"]
[Date "2021.10.27"]
[Round "1.10"]
[White "Batsiashvili, Nino"]
[Black "Socko, Monika"]
[Result "1-0"]
[ECO "A17"]
[WhiteElo "2484"]
[BlackElo "2397"]
[Annotator "ChessBase"]
[PlyCount "101"]
[EventDate "2021.10.27"]
[EventType "swiss"]
[EventCountry "LAT"]
[Tiebreak "Cut1 Buchholz+Sonneborn-Berger (Swiss)"]
[SourceTitle "playchess.com"]
[Source "ChessBase"]
[SourceQuality "1"]
[TimeControl "40/6000+30:20/3000+30:900+30"]

1. Nf3 Nf6 2. c4 e6 3. Nc3 Bb4 4. Qc2 O-O 5. a3 Bxc3 6.
Qxc3 d6 7. b4 b6 8. Bb2 Bb7 9. e3 Nbd7 10. Be2 c5 11. O-O Qe7 12. Rfd1 Rac8 13. d4 Ne4 14. Qe1 Ndf6 15. Nd2 Nxd2 16. Qxd2 Ne4 17. Qe1 Qg5 18. Bf1 cxd4 19. exd4 Nf6 20. Rd3 Nh5 21. Rc1 Rfe8 22. Re3 Nf4 23. Rg3 Qf6 24. Qd2 e5 25. a4 Nh5 26. Ra3 Rc7 27. a5 Nf4 28.
d5 Qg5 29. Qd1 Rec8 30. Rg3 Qh6 31. axb6 axb6 32. Rcc3 b5 33. c5 Bxd5 34. Bc1 Bb7 35. Bxb5 dxc5 36. Rxc5 Qf6 37. Rxc7 Rxc7 38. Bf1 h5 39. Bb2 h4 40. Bxe5 Qxe5 41. Qd8+ Kh7 42. Qxh4+ Kg8 43. Qd8+ Kh7 44. Re3 Ne2+ 45. Rxe2 Qf4 46. Qd3+ g6 47. Qh3+ Kg7 48. Re8 g5 49. Qh8+ Kg6 50. Bd3+ Be4 51. Rxe4 1-0

[Event "FIDE Womens Grand Swiss 2021"]
[Site "Riga"]
[Date "2021.10.27"]
[Round "1.12"]
[White "Paehtz, Elisabeth"]
[Black "Cori T., Deysi"]
[Result "1-0"]
[ECO "A81"]
[WhiteElo "2475"]
[BlackElo "2382"]
[Annotator "ChessBase"]
[PlyCount "143"]
[EventDate "2021.10.27"]
[EventType "swiss"]
[EventCountry "LAT"]
[Tiebreak "Cut1 Buchholz+Sonneborn-Berger (Swiss)"]
[SourceTitle "playchess.com"]
[Source "ChessBase"]
[SourceQuality "1"]
[TimeControl "40/6000+30:20/3000+30:900+30"]

1. d4 f5 2. g3 d6 3. Bg2 Nf6 4. Nf3 g6 5. O-O Bg7 6. b3 O-O 7. Bb2 c6 8.
Nbd2 Na6 9. c4 e5 10. dxe5 Nd7 11. Qc2 dxe5 12. e4 Nb4 13. Qc3 c5 14. exf5 gxf5 15. Nh4 Rf7 16. Qe3 Nf6 17. Rad1 Ng4 18. Qe2 Qd3 19. Bf3 Bd7 20. a3 Qxe2 21. Bxe2 Nc2 22. Bf3 Bc6 23. Bxc6 bxc6 24. h3 Nh6 25. Ndf3 e4 26. Bxg7 Rxg7 27. Rd2 Nxa3 28. Ne5 Re7 29. Nxc6 Re6 30. Na5 e3 31. Ra2 Rd8 32. Rxa3 f4 33. fxe3 Rxe3 34. Ra2 fxg3 35. Kg2 Rd4 36. Nf5 Nxf5 37. Rxf5 Rd1 38. Rg5+ Kh8 39. Rxg3 Ree1 40. Rg4 h5 41. Rf4 Rg1+ 42. Kf3 Rd3+ 43. Ke4 Rd4+ 44. Kf5 Rd8 45. Re2 Rg3 46. Re5 Kg7 47. Rxc5 a6 48. Ke4 Rxh3 49. Rd5 Re8+ 50. Kd4 Kg6 51. c5 Rh1 52. c6 Rb8 53. Nb7 h4 54. Rg4+ Kf6 55. Rh5 h3 56. Rgh4 Rc8 57. Rxh3 Rd1+ 58. Rd3 Rc1 59. Nc5 Ke7 60. Rh7+ Kd6 61. Rh6+ Kc7 62. Nxa6+ Kb6 63. Nb4 Kb5 64. Nd5 Rd8 65. Re6 Rc2 66. Ke4 Rh8 67. c7 Rh4+ 68. Ke5 Rh5+ 69. Kd4 Rh4+ 70. Re4 Rh8 71. Rc3 Rd2+ 72. Ke3 1-0

[Event "FIDE Womens Grand Swiss 2021"]
[Site "Riga"]
[Date "2021.10.27"]
[Round "1.13"]
[White "Houska, Jovanka"]
[Black "Pogonina, Natalija"]
[Result "0-1"]
[ECO "D37"]
[WhiteElo "2381"]
[BlackElo "2467"]
[Annotator "ChessBase"]
[PlyCount "82"]
[EventDate "2021.10.27"]
[EventType "swiss"]
[EventCountry "LAT"]
[Tiebreak "Cut1 Buchholz+Sonneborn-Berger (Swiss)"]
[SourceTitle "playchess.com"]
[Source "ChessBase"]
[SourceQuality "1"]
[TimeControl "40/6000+30:20/3000+30:900+30"]

1. d4 Nf6 2. Nf3 d5 3. c4 e6 4. Nc3 Nbd7 5. Bf4 dxc4 6. e3 Bd6 7. Bg3 Nb6 8. Nd2 Bd7 9. Nxc4 Nxc4 10. Bxc4 Bxg3 11. hxg3 Bc6 12. f3 Qd6 13. Kf2 O-O-O 14. Qc2 h5 15. Rac1 Kb8 16. Bb5 Bd7 17. Bxd7 Rxd7 18. Nb5 Qa6 19. Na3 Rc8 20. Qe2 Qd6 21. Nc4 Qe7 22. Ne5 Rd5 23. b4 Nd7 24. Nd3 g6 25. Rhd1 h4 26. g4 e5 27. dxe5 Nxe5 28.
Nc5 Rcd8 29. f4 Rxd1 30. Rxd1 Rxd1 31. Qxd1 Nc4 32. Qd4 Nd6 33. Qh8+ Nc8 34. g5 b6 35. Nd3 Qe6 36. Qd8 Qxa2+ 37. Kf3 Kb7 38. Ne5 Nd6 39. Qd7 Qd5+ 40. Kf2 Qd2+ 41. Kf1 Qd1+ 0-1

[Event "FIDE Womens Grand Swiss 2021"]
[Site "Riga"]
[Date "2021.10.27"]
[Round "1.15"]
[White "Padmini, Rout"]
[Black "Zhu, Jiner"]
[Result "0-1"]
[ECO "C92"]
[WhiteElo "2380"]
[BlackElo "2455"]
[Annotator "ChessBase"]
[PlyCount "90"]
[EventDate "2021.10.27"]
[EventType "swiss"]
[EventCountry "LAT"]
[Tiebreak "Cut1 Buchholz+Sonneborn-Berger (Swiss)"]
[SourceTitle "playchess.com"]
[Source "ChessBase"]
[SourceQuality "1"]
[TimeControl "40/6000+30:20/3000+30:900+30"]

1. e4 e5 2. Nf3 Nc6 3. Bb5 a6 4. Ba4 Nf6 5. O-O Be7 6. Re1 b5 7. Bb3 O-O 8. h3 d6 9. c3 Bb7 10. d4 h6 11. Nbd2 Re8 12. Nf1 Bf8 13.
Ng3 g6 14. Nh4 d5 15. exd5 Nxd5 16. Nf3 Nb6 17. Qc2 Nc4 18. Bxc4 bxc4 19. dxe5 Bg7 20. Bf4 Qd3 21. Qxd3 cxd3 22. Ne4 g5 23. Bh2 Rad8 24. Nc5 Bc8 25. Rad1 Rd5 26. b4 a5 27. a3 Bf5 28. Na6 Re7 29. Re3 Kf8 30.
g4 Bg6 31. c4 Rd8 32. e6 axb4 33. axb4 Bd4 34. Nxd4 Nxd4 35. Nxc7 Nc2 36. Rexd3 Rxd3 37. Rxd3 Bxd3 38. Bd6 Bxc4 39. b5 Nd4 40. b6 fxe6 41. b7 Nc6 42. Na8 Kf7 43. Nb6 Ba6 44. b8=Q Nxb8 45. Bxb8 Rb7 0-1

[Event "FIDE Womens Grand Swiss 2021"]
[Site "Riga"]
[Date "2021.10.27"]
[Round "1.16"]
[White "Danielian, Elina"]
[Black "Arakhamia-Grant, Ketevan"]
[Result "0-1"]
[ECO "A41"]
[WhiteElo "2450"]
[BlackElo "2376"]
[Annotator "ChessBase"]
[PlyCount "56"]
[EventDate "2021.10.27"]
[EventType "swiss"]
[EventCountry "LAT"]
[Tiebreak "Cut1 Buchholz+Sonneborn-Berger (Swiss)"]
[SourceTitle "playchess.com"]
[Source "ChessBase"]
[SourceQuality "1"]
[TimeControl "40/6000+30:20/3000+30:900+30"]

1. d4 d6 2. Nf3 Nf6 3. g3 Nbd7 4. c4 e5 5. Bg2 c6 6. Nc3 e4 7. Ng5 d5 8. cxd5 cxd5 9. O-O h6 10. Nh3 Be7 11. f3 exf3 12. Bxf3 Nb6 13. Nf4 O-O 14. Qb3 Be6 15. a4 a5 16. Nxe6 fxe6 17. Nb5 Rc8 18.
Bf4 g5 19. Be5 Nc4 20. Qd3 Kg7 21. Bxf6+ Rxf6 22. Bh5 Nxb2 23. Qb1 Rxf1+ 24. Qxf1 Qf8 25. Qb1 Qf5 26. Qxb2 g4 27. Rc1 Bg5 28. e3 Bxe3+ 0-1

[Event "FIDE Womens Grand Swiss 2021"]
[Site "Riga"]
[Date "2021.10.27"]
[Round "1.19"]
[White "Kamalidenova, Meruert"]
[Black "Arabidze, Meri"]
[Result "1/2-1/2"]
[ECO "C78"]
[WhiteElo "2339"]
[BlackElo "2441"]
[Annotator "NA"]
[PlyCount "88"]
[EventDate "2021.10.27"]
[EventType "swiss"]
[EventCountry "LAT"]
[Tiebreak "Cut1 Buchholz+Sonneborn-Berger (Swiss)"]
[SourceTitle "playchess.com"]
[Source "ChessBase"]
[SourceQuality "1"]
[TimeControl "40/6000+30:20/3000+30:900+30"]

1. e4 e5 2. Nf3 Nc6 3. Bb5 a6 4. Ba4 Nf6 5. O-O b5 6. Bb3 Bc5 7. a4 Rb8 8. Nxe5 Nxe5 9. d4 Bxd4 10. Qxd4 d6 11. f4 Nc6 12. Qc3 Bb7 13.
axb5 axb5 14. e5 Ne4 15. Qe3 Ne7 16. Nc3 Nxc3 17. bxc3 O-O 18. f5 dxe5 19. f6 gxf6 20. Ba3 Nd5 21. Qh6 Kh8 22. Bxd5 Bxd5 23. Bxf8 Qxf8 24. Qxf6+ Qg7 25. Rae1 Rg8 26. Rxe5 Qxf6 27. Rxf6 c6 28. Rf2 Ra8 29. h4 Ra4 30. h5 h6 31. Kh2 Rc4 32. Re3 Be6 33.
g3 Rc5 34. g4 Rc4 35. Rg3 Kg7 36. g5 Rh4+ 37. Kg1 Rxh5 38. gxh6+ Kxh6 39. Rh2 Rxh2 40. Kxh2 f5 41. Kg1 Bd5 42. Kf2 Be4 43. Ke3 Bxc2 44. Kf4 Be4 1/2-1/2

[Event "FIDE Womens Grand Swiss 2021"]
[Site "Riga"]
[Date "2021.10.27"]
[Round "1.21"]
[White "Vantika Agrawal"]
[Black "Munguntuul, Batkhuyag"]
[Result "1/2-1/2"]
[ECO "A06"]
[WhiteElo "2322"]
[BlackElo "2433"]
[Annotator "NA"]
[PlyCount "85"]
[EventDate "2021.10.27"]
[EventType "swiss"]
[EventCountry "LAT"]
[Tiebreak "Cut1 Buchholz+Sonneborn-Berger (Swiss)"]
[SourceTitle "playchess.com"]
[Source "ChessBase"]
[SourceQuality "1"]
[TimeControl "40/6000+30:20/3000+30:900+30"]

1. Nf3 d5 2. g3 Nc6 3. d4 Bf5 4. Bg2 Nb4 5. Na3 e6 6. O-O Nc6 7. Nb1 Nf6 8. c4 Be7 9. cxd5 exd5 10. Nc3 Ne4 11. Nd2 Nxd4 12. Qa4+ Nc6 13. Ndxe4 dxe4 14. Rd1 Qc8 15. Nd5 Bd6 16. Ne3 Bg6 17. Bxe4 Bxe4 18. Qxe4+ Qe6 19. Qxe6+ fxe6 20. Nc4 O-O-O 21.
Bg5 Rd7 22. Rac1 h6 23. Be3 Rhd8 24. Kg2 Kb8 25. h4 Be7 26. Rxd7 Rxd7 27. b3 Bf6 28. h5 a6 29. f4 Nb4 30. a3 Nd5 31. Bf2 b5 32. Ne3 Bb2 33. Rc6 Nxe3+ 34. Bxe3 Rd6 35. Rxd6 cxd6 36. a4 bxa4 37. bxa4 Kc7 38. Kf3 Kc6 39. Ke4 d5+ 40. Kd3 e5 41. fxe5 Bxe5 42. g4 Kd6 43. Bf2 1/2-1/2

[Event "FIDE Womens Grand Swiss 2021"]
[Site "Riga"]
[Date "2021.10.27"]
[Round "1.22"]
[White "Zawadzka, Jolanta"]
[Black "Divya Deshmukh"]
[Result "1/2-1/2"]
[ECO "B52"]
[WhiteElo "2428"]
[BlackElo "2305"]
[Annotator "NA"]
[PlyCount "91"]
[EventDate "2021.10.27"]
[EventType "swiss"]
[EventCountry "LAT"]
[Tiebreak "Cut1 Buchholz+Sonneborn-Berger (Swiss)"]
[SourceTitle "playchess.com"]
[Source "ChessBase"]
[SourceQuality "1"]
[TimeControl "40/6000+30:20/3000+30:900+30"]

1. e4 c5 2. Nf3 d6 3. Bb5+ Bd7 4. Bxd7+ Qxd7 5. O-O Nf6 6. Re1 Nc6 7. c3 e6 8. d4 cxd4 9. cxd4 d5 10. e5 Ne4 11. Nbd2 Nxd2 12. Bxd2 Be7 13. Rc1 O-O 14. Rc3 f5 15. exf6 Bxf6 16. Rd3 Qf7 17. Qe2 e5 18. dxe5 Nxe5 19. Nxe5 Bxe5 20. Rf3 Bf6 21. Qd3 Rfe8 22. Rd1 Rad8 23. h3 Qg6 24. Qb3 Kh8 25. Bf4 b6 26. Rfd3 d4 27. a4 Qf5 28. Bg3 Rc8 29. R3d2 h6 30. Qa2 Qe6 31. Qxe6 Rxe6 32. Kf1 Rc4 33. b3 Rc3 34. Rd3 Kh7 35. Bf4 Rc2 36. Bd2 Rec6 37. g4 Rb2 38. Kg2 Rcc2 39. Kg3 g5 40. Kf3 Kg6 41. Be1 Kf7 42. Ke4 Re2+ 43. Kf3 Rec2 44. Ke4 Re2+ 45. Kf3 Rec2 46. Ke4
1/2-1/2

[Event "FIDE Womens Grand Swiss 2021"]
[Site "Riga"]
[Date "2021.10.27"]
[Round "1.23"]
[White "Rogule, Laura"]
[Black "Osmak, Iulija"]
[Result "0-1"]
[ECO "A20"]
[WhiteElo "2289"]
[BlackElo "2423"]
[Annotator "NA"]
[PlyCount "122"]
[EventDate "2021.10.27"]
[EventType "swiss"]
[EventCountry "LAT"]
[Tiebreak "Cut1 Buchholz+Sonneborn-Berger (Swiss)"]
[SourceTitle "playchess.com"]
[Source "ChessBase"]
[SourceQuality "1"]
[TimeControl "40/6000+30:20/3000+30:900+30"]

1. c4 e5 2. g3 d6 3. Bg2 g6 4. d4 Bg7 5. dxe5 dxe5 6. Qxd8+ Kxd8 7. Nc3 c6 8. Bd2 Be6 9. O-O-O Nd7 10. b3 Kc7 11. Ne4 h6 12. Ba5+ b6 13.
Bb4 Bf8 14. Bd6+ Bxd6 15. Rxd6 Ne7 16. Rd2 f5 17. Nc3 g5 18. Nf3 g4 19. Nh4 Nf6 20. e4 Rad8 21. Rxd8 Rxd8 22. exf5 Nxf5 23. Ng6 Nd7 24. Re1 Re8 25. Be4 Nd4 26. Nh4 Rf8 27. Nd1 Kd6 28. Re3 Nc5 29. Ng6 Rf6 30. Bb1 Nf3 31. Nc3 a5 32. Re2 Bf7 33. Nh4 Nxh4 34. gxh4 Rf3 35. Nd1 Rh3 36. Bf5 Be6 37. Ne3 Rxe3 38. Rd2+ Ke7 39. fxe3 Bxf5 40. Kb2 Ne4 41. Rd1 Be6 42. Kc2 Nd6 43. Kd3 Bf5+ 44. Kc3 Be4 45. b4 axb4+ 46. Kxb4 c5+ 47. Kc3 Kd7 48. h5 Bf3 49. Ra1 Be2 50. a4 Bxc4 51. a5 bxa5 52. Rxa5 Bf7 53. Ra8 Bxh5 54. Rh8 Nf7 55. Rg8 Kd6 56. e4 Ng5 57. Rh8 Nxe4+ 58. Kd3 Kd5 59. Rxh6 Bf7 60. Ke3 Be6 61. Rh4 Nd6 0-1

[Event "FIDE Womens Grand Swiss 2021"]
[Site "Riga"]
[Date "2021.10.27"]
[Round "1.24"]
[White "Atalik, Ekaterina"]
[Black "Golsta, Madara"]
[Result "1-0"]
[ECO "A49"]
[WhiteElo "2420"]
[BlackElo "2003"]
[Annotator "NA RC"]
[PlyCount "55"]
[EventDate "2021.10.27"]
[EventType "swiss"]
[EventCountry "LAT"]
[Tiebreak "Cut1 Buchholz+Sonneborn-Berger (Swiss)"]
[SourceTitle "playchess.com"]
[Source "ChessBase"]
[SourceQuality "1"]
[TimeControl "40/6000+30:20/3000+30:900+30"]

1. d4 Nf6 2. Nf3 g6 3. g3 Bg7 4. Bg2 O-O 5. O-O c5 6. dxc5 Qa5 7. Be3 Ng4 8. Bd4 e5 9. Bc3 Qxc5 10. h3 Nh6 11. Nbd2 Nc6 12. Ne4 Qb6 13.
Nd6 Nd4 14. Nxc8 Raxc8 15. e3 Nxf3+ 16. Qxf3 Rc7 17. Qd5 Qe6 18. Rfd1 Nf5 19. Rd2 Ne7 20. Qb3 d5 21. Rad1 h5 22. h4 e4 23. Bb4 Rfc8 24. c3 Bf6 25. Bxe7 Qxe7 26. Rxd5 g5 27. hxg5 Bxg5 28. R1d4 1-0

[Event "FIDE Womens Grand Swiss 2021"]
[Site "Riga"]
[Date "2021.10.28"]
[Round "2.1"]
[White "Osmak, Iulija"]
[Black "Dzagnidze, Nana"]
[Result "0-1"]
[ECO "A13"]
[WhiteElo "2423"]
[BlackElo "2524"]
[Annotator "ChessBase"]
[PlyCount "94"]
[EventDate "2021.10.27"]
[EventType "swiss"]
[EventCountry "LAT"]
[Tiebreak "Cut1 Buchholz+Sonneborn-Berger (Swiss)"]
[SourceTitle "playchess.com"]
[Source "ChessBase"]
[SourceQuality "1"]
[TimeControl "40/6000+30:20/3000+30:900+30"]

1. c4 e6 2. Nf3 d5 3. g3 Nf6 4. Bg2 dxc4 5. Qa4+ Nbd7 6. Qxc4 c5 7. O-O Be7 8. Qc2 Nb6 9. Rd1 Bd7 10. Ne5 Nbd5 11. Nc3 Rc8 12. b3 Nb4 13. Qb1 Nc6 14. Nxd7 Qxd7 15. Bb2 O-O 16. d3 Rfd8 17. Qc2 Ne8 18. Rac1 f5 19. Qb1 Bf6 20. e3 b6 21. a3 Nd6 22. Ba1 Nf7 23.
b4 Nce5 24. bxc5 bxc5 25. d4 cxd4 26. Rxd4 Qe7 27. Rxd8+ Rxd8 28. Qb3 Ng5 29. Qb4 Qd7 30. Qa4 Ngf3+ 31. Kh1
Nd3 32. Rc2 Nfe1 33. Qxd7 Rxd7 34. Ra2 Rc7 35. Ne2 Nxf2+ 36. Kg1 Ng4 37. Bxf6 gxf6 38. Nf4 Rc1 39. Bf1 Nxe3 40. Kf2 Nxf1 41. Kxf1 Nd3+ 42. Ke2 Nxf4+ 43. gxf4 Rc4 44. Rb2 Rxf4 45. Rb8+ Kf7 46. Rb7+ Kg6 47. Rxa7 Rh4 0-1

[Event "FIDE Womens Grand Swiss 2021"]
[Site "Riga"]
[Date "2021.10.28"]
[Round "2.4"]
[White "Lei, Tingjie"]
[Black "Atalik, Ekaterina"]
[Result "1-0"]
[ECO "A62"]
[WhiteElo "2505"]
[BlackElo "2420"]
[Annotator "ChessBase"]
[PlyCount "113"]
[EventDate "2021.10.27"]
[EventType "swiss"]
[EventCountry "LAT"]
[Tiebreak "Cut1 Buchholz+Sonneborn-Berger (Swiss)"]
[SourceTitle "playchess.com"]
[Source "ChessBase"]
[SourceQuality "1"]
[TimeControl "40/6000+30:20/3000+30:900+30"]

1. d4 Nf6 2. c4 e6 3. g3 c5 4. d5 exd5
5. cxd5 g6 6. Nc3 Bg7 7. Bg2 O-O 8. Nf3 d6 9. O-O Re8 10.
Bf4 Ne4 11. Nxe4 Rxe4 12. Nd2 Rb4 13. a3 Rxf4 14. gxf4 Bxb2 15. Rb1 Bg7 16. Re1 Bh6 17. e3 Na6 18. Qf3 b6 19. Nc4 Nc7 20.
e4 Ne8 21. e5 Bf5 22. Rbd1 Qh4 23. Ne3 Bxf4 24. Nxf5 gxf5 25. e6 Bxh2+ 26. Kf1 Ng7 27. Re2 f6 28. Qb3 Be5 29. Qb5 Qh5 30. Qc6 Re8 31. Qc7 f4 32. Rd3 Qg6 33. Be4 f5 34. Bg2 Qf6 35. Qxa7 c4 36. Rd1 c3 37. Qxb6 Qg6 38. Qb5 Kh8 39. Qd3 Rg8 40. Qf3 Nh5 41. Rc2 Nf6 42.
Re1 Ng4 43. Qh3 Qg7 44. Bf3 Ne3+ 45. fxe3 Qg1+ 46. Ke2 Qxe3+ 47. Kd1 Qd3+ 48. Kc1 Bd4 49. Bg2 Rg3 50. Qh6 Be3+ 51. Kb1 Rxg2 52. Qf8+ Rg8 53. Qf6+ Rg7 54. e7 Qb5+ 55. Ka1 Qe8 56. Rxc3 Bd2 57. Rc8 1-0

[Event "FIDE Womens Grand Swiss 2021"]
[Site "Riga"]
[Date "2021.10.28"]
[Round "2.5"]
[White "Vaishali R"]
[Black "Batsiashvili, Nino"]
[Result "0-1"]
[ECO "B12"]
[WhiteElo "2419"]
[BlackElo "2484"]
[Annotator "ChessBase"]
[PlyCount "88"]
[EventDate "2021.10.27"]
[EventType "swiss"]
[EventCountry "LAT"]
[Tiebreak "Cut1 Buchholz+Sonneborn-Berger (Swiss)"]
[SourceTitle "playchess.com"]
[Source "ChessBase"]
[SourceQuality "1"]
[TimeControl "40/6000+30:20/3000+30:900+30"]

1. e4 c6 2. d4 d5 3. e5 c5 4. Nf3 cxd4 5. Qxd4 Nc6 6. Qf4 e6 7. Nc3 a6 8. Bd3 Qc7 9. Qg3 Nge7 10. O-O Ng6 11. Re1 Bd7 12. h4 Nb4 13. Bg5 h6 14. h5 Ne7 15.
Bxe7 Bxe7 16. Qxg7 Rf8 17. Ne2 O-O-O 18. Ned4 Qb6 19. Bf1 Nc6 20. c3 Qxb2 21. Rab1 Qa3 22. Rb3 Qc5 23. Reb1 Na5 24. R3b2 Ba4 25. Qxh6 Rh8 26. Qf4 Rxh5 27. g4 Rh7 28. Nf5 b5 29. Nxe7+ Qxe7 30. Rc1 Rdh8 31. Bg2 Rg8 32. Rb4 Rhg7 33. g5 Nc4 34. Rxa4 bxa4 35. Rb1 Rxg5 36. Nxg5 Qxg5 37. Qxg5 Rxg5 38. Rb4 a3 39. f4 Rg3 40. Ra4 a5 41. Kf2 Rxc3 42. Bf1 Kc7 43. f5 Kb6 44. fxe6 fxe6 0-1